 Dungeon Crawl Stone Soup version 0.29-a0-813-g4a14ea37d6 (webtiles) character file.

Game seed: 5104442508770588762

56 indigestion the Firebug (level 3, -3/21 HPs)
             Began as an Octopode Fire Elementalist on July 5, 2022.
             Slain by a gnoll
             ... wielding a +0 club
              (8 damage)
             ... on level 2 of the Dungeon.
             The game lasted 00:05:43 (1585 turns).

indigestion the Firebug (OpFE)                      Turns: 1585, Time: 00:05:44

Health: -3/21      AC:  1    Str:  7    XL:     3   Next: 97%
Magic:  2/6        EV: 13    Int: 19    God:
Gold:   113        SH:  0    Dex: 12    Spells: 2/6 levels left

rFire   + . .      SeeInvis .   n - +1 dagger (venom)
rCold   x . .      Faith    .   (no shield)
rNeg    . . .      Spirit   .   (helmet restricted)
rPois   .          Reflect  .   (no amulet)
rElec   .          Harm     .   g - ring of resist corrosion
rCorr   +          Rampage  .   l - ring of fire
Will    .....                   (no ring)
Stlth   +++.......              (no ring)
HPRegen 0.07/turn               (no ring)
MPRegen 0.10/turn               (no ring)
                                (no ring)
                                (no ring)

@: no status effects
A: almost no armour, amphibious, 8 rings, camouflage 1, gelatinous body 1,
(nimble swimmer 1), tentacles
a: no special abilities


You were on level 2 of the Dungeon.
You visited 1 branch of the dungeon, and saw 2 of its levels.

You collected 113 gold pieces.

Inventory:

Hand Weapons
 d - a +2 dagger of freezing
 n - a +1 dagger of venom (weapon)
Magical Staves
 i - a staff of air
 j - a staff of poison
Jewellery
 g - a ring of resist corrosion (left tentacle)
 l - a ring of fire (right tentacle)
Scrolls
 b - a scroll of brand weapon {unknown}
 c - 2 scrolls of teleportation
 e - 3 scrolls of vulnerability {unknown}
 f - 2 scrolls of identify {unknown}
 k - 2 scrolls of fog {unknown}
 o - a scroll of magic mapping {unknown}
Potions
 a - a potion of magic
 h - 3 potions of lignification {unknown}
 m - a potion of degeneration {unknown}
 p - a potion of cancellation {unknown}


   Skills:
 + Level 2.4 Dodging
 + Level 3.4 Stealth
 + Level 2.4 Spellcasting
 + Level 1.8 Conjurations
 + Level 3.4 Fire Magic


You had 2 spell levels left.
You knew the following spells:

 Your Spells              Type           Power      Damage    Failure   Level
a - Foxfire               Conj/Fire      72%        2x1d7     5%          1
b - Inner Flame           Hex/Fire       13%        N/A       24%         3

Your spell library contained the following spells:

 Spells                   Type           Power      Damage    Failure   Level
 Scorch                   Fire           46%        2d7       6%          2
 Conjure Flame            Conj/Fire      18%        6-21      16%         3
 Flame Wave               Conj/Fire      18%        2d6       47%         4


Dungeon Overview and Level Annotations

Branches:
Dungeon (2/15)

Altars:

Annotations:
D:2 Terence


Innate Abilities, Weirdness & Mutations

You cannot wear most types of armour.
You are amphibious.
You can wear up to eight rings at the same time.
Your skin changes colour to match your surroundings (Stealth+).
Your rubbery body absorbs attacks. (AC +1, EV +1)
((You are camouflaged when in or above water. (Stealth+)))
You have tentacles for arms and can constrict up to eight enemies at once.


Message History

A gnoll comes into view. It is wielding a +0 spear.
Casting: Foxfire (safe; 5% risk of failure)
Confirm with . or Enter, or press ? or * to list all spells.
You feel a surge of power!
You conjure some foxfire!
The foxfire hits the gnoll.
The gnoll is heavily wounded.
A kobold comes into view. It is wielding a +0 short sword.
The foxfire hits Terence but does no damage.
Terence is moderately wounded.
Casting: Foxfire (safe; 5% risk of failure)
Confirm with . or Enter, or press ? or * to list all spells.
You feel a surge of power!
You conjure some foxfire!
The foxfire hits the gnoll but does no damage.
The gnoll is heavily wounded.
The foxfire hits Terence but does no damage.
Terence is moderately wounded.
A gnoll comes into view. It is wielding a +0 club.
Your foxfire dissipates!
The foxfire hits the gnoll but does no damage.
The gnoll is heavily wounded.
Casting: Foxfire (safe; 5% risk of failure)
Confirm with . or Enter, or press ? or * to list all spells.
You feel a surge of power!
You conjure some foxfire!
The foxfire hits Terence.
Terence is moderately wounded.
The foxfire hits Terence but does no damage.
Terence is moderately wounded.
Terence says, "Don't bother to defend, it's useless."
The gnoll attacks as you move away! The gnoll closely misses you.
The gnoll attacks as you move away! The gnoll barely misses you.
Terence attacks as you move away! Terence hits you with a +0 short sword.
The gnoll hits you with a +0 club.
Terence asks, "Do you want it fast or slow?"
The gnoll attacks as you move away! The gnoll closely misses you.
The gnoll attacks as you move away! The gnoll hits you with a +0 club.
The gnoll attacks as you move away! The gnoll hits you with a +0 club.
* * * LOW HITPOINT WARNING * * *
Terence screams, "I want your blood!" The gnoll attacks as you move away!
The gnoll hits you with a +0 club!
You die...

#........# #..# ##..##...#.####
#.......## #.## ##..###...#.##..
#...###..## #.# #..####.#(......
..... ##..# #.####.##
#.g........ #.#..# ##.###......#
##K###.#####
..#..####.#...########g.##.##.##
####......#.#.# #..J.#.###..#
#.###<...#.######J##.#.#...###
#........@g@..##.##.##..8#
##.......#######.#.#..##.8
#.....#.[.#######.###......
#.#.......<†...##.##...((..
........#....##.##.##..###..
.........####.....#.#..#. ##.
.........######.....).# # ##
.................#.###
#............#.....


You could see Terence, a gnoll and an endoplasm.

Vanquished Creatures
  A worm (D:2)
  3 orcs (D:2)
  3 bats (D:1)
  2 endoplasms (D:1)
  6 goblins
  7 hobgoblins
  7 jackals (D:1)
  A quokka (D:1)
  6 ball pythons
  3 frilled lizards
  4 kobolds (D:1)
  3 rats
46 creatures vanquished.

Vanquished Creatures (others)
  80 foxfires
80 creatures vanquished.

Grand Total: 126 creatures vanquished

Notes
Turn   | Place    | Note
-------+----------+-------------------------------------------
     0 | D:1      | indigestion the Octopode Fire Elementalist began the quest
                  | for the Orb.
     0 | D:1      | Reached XP level 1. HP: 11/11 MP: 3/3
   246 | D:1      | Reached XP level 2. HP: 17/17 MP: 1/5
   560 | D:1      | Reached XP level 3. HP: 8/21 MP: 1/6
  1536 | D:2      | Noticed Terence
  1544 | D:2      | Learned a level 3 spell: Inner Flame
  1585 | D:2      | Slain by a gnoll

Illustrated notes

Levels and vault maps discovered:
D:1:      dpeg_arrival_tiny_f, layout_loops_ring
D:2:      layout_rooms, guppyfry_early_orc_mine, uniq_terence

Skill      XL: |  1  2 |
---------------+-------+-----
Stealth        | 3 |  3.4
Dodging        | |  2.4
Spellcasting   | |  2.4
Conjurations   | |  1.8
Fire Magic     | |  3.4

Action                   || total
-------------------------++-------
Melee: Dagger            ||    39
       Unarmed           ||     2
       Constrict         ||    12
       Tentacles         ||     7
       Punch             ||     1
 Cast: Foxfire           ||    48
  Use: Scroll            ||     1
 Stab: Sleeping          ||     7
Armor: Skin              ||     1
Dodge: Dodged            ||    23

Table legend: (Time is in decaauts)
 A = Elapsed time spent in this place.
 B = Non-inter-level travel time spent in this place.
 C = Inter-level travel time spent in this place.
 D = Time resting spent in this place.
 E = Time spent auto-exploring this place.
 F = Levels seen in this place.
 G = Mean time per level.
                   A        B        C        D        E       F      G
               +--------+--------+--------+--------+--------+-----+--------+
         Total |   1582 |   1545 |     37 |    274 |    924 |   2 |  791.0 |
       Dungeon |   1582 |   1545 |     37 |    274 |    924 |   2 |  791.0 |
               +--------+--------+--------+--------+--------+-----+--------+

Top non-repeatable levels by time:
     D:1: 1172 daAuts
     D:2: 410 daAuts
